Arrhythmia, neutral female human Tourist --- ---- ---- --.---- ---- |..-- ---- ----- ---..-- |...|.----- --..----...|---..--- ---- ---...-----.....-- --.....|..---....|....---......-----..-------- |................| |...............................[)..<)......| ---|....|..---.....-- ---...................................-----.--- --.---.-----|.......| |..........--.---.------............--- |...| |.....)-- --......| |...----.------ --- --.........--....| |...--- |....--%--- |.%....| ---.-.- --- --.......-------..---.....| |.[.......-- |.---.-- |...| # ---...[....|---- |.......--.---- --.--......| |.| --- ---.--- --..........--..| ---------|....-- |.||.....-| |.| |...| --.....%.......*.-- ------- |.....| |.|-......--|.| ---.--- |.................---.|.|.---.....-- |.|........||.--- |...| --.........................|.......| |.........-||.%.|---.--- |.......---...............@I.>...-- |..........----.--...| #........| --.....|..--..........-- |...........| |....--- |......- --...-------.(......-- |.|.|.......| --....| |.......| --.-- |......--- -------.....| --...| --.....-- --- --..---- ---.--- --.-- --.---- |..| --- --- --- ---- Arrhythmia the Excursionist Experience level: 6 Strength: 7 Dexterity: 15 Constitution: 16 Intelligence: 15 Wisdom: 10 Charisma: 12 Health: 0(44) Energy: 19(19) AC: 6 Gold: 602 Moves: 1655 Your Inventory: Coins $ - 602 gold pieces Weapons a - 28 uncursed +2 darts (wielded) o - an [uncursed +1] dagger u - 11 [uncursed +0] darts v - an [uncursed +0] dagger Armor j - an uncursed +0 Hawaiian shirt (being worn) C - a [blessed] +0 hard hat [dwarvish iron helm] (being worn) D - an [uncursed] +0 pair of hard shoes [iron] (being worn) E - an [uncursed] +0 hooded cloak [dwarvish] (being worn) Comestibles b - 8 uncursed food rations e - 2 uncursed tripe rations f - 2 uncursed [stale] eggs Scrolls h - 3 uncursed scrolls of magic mapping i - a blessed scroll of magic mapping Spellbooks m - an [uncursed] spellbook of cure blindness I - an [uncursed] spellbook of detect unseen Potions g - 2 uncursed potions of extra healing Rings r - a [cursed -1] sapphire ring [of gain constitution] Tools k - an uncursed expensive camera (0:74) l - an uncursed credit card q - an [uncursed] towel y - an [uncursed wax] candle z - 2 [uncursed tallow] candles H - an [uncursed] key [skeleton key] Gems x - 2 [uncursed] yellow gems [worthless glass] B - 2 [uncursed] white gems [worthless glass] K - an [uncursed] blue gem [worthless glass] L - an [uncursed] yellow gem [chrysoberyl] M - an [uncursed] white gem [diamond] Spells known in the end: Name Level Category Fail Memory a - cure blindness 2 healing 97% [||||||||] b - detect unseen 3 divination 100% [||||||||] Your skills at the end: Fighting Skills Weapon Skills dart [Basic / Expert] Spellcasting Skills Final Attributes: You were devoutly aligned. Hunger level was 505. Your alignment was 17 / 18. Monster difficulty range was 0 - 4. Level difficulty was 3. You were blinded. You were lucky (1). You are dead. Vanquished creatures: 2 gnome lords a gnomish wizard a little dog a kitten 3 dwarves a kobold shaman a large kobold 4 giant rats 14 gnomes a gnome zombie 3 geckos 5 jackals a kobold a goblin a kobold zombie 40 creatures vanquished. Voluntary challenges: You were an atheist. You used a wielded weapon 40 times. You read items or engraved 150 times. You put on armor 8 times. You never genocided any monsters. You never polymorphed an object. You never changed form. You used no wishes. You wrote Elbereth's name 62 times. You never encountered a bones level. You never used any Sokoban shortcuts. Dungeon overview: The Dungeons of Doom: levels 1 to 2 Level 1 a long staircase Level 2 a sink stairs to The Gnomish Mines The Gnomish Mines: levels 3 to 4 Level 3 (IRON safe west) <- You were here stairs to The Dungeons of Doom History has recorded: On T:1 you entered the Dungeons of Doom to retrieve the Amulet of Yendor! On T:297 you reached level 2 of The Dungeons of Doom. On T:542 you advanced to experience level 2. On T:774 you advanced to experience level 3. On T:1014 you reached level 1 of The Gnomish Mines. On T:1026 you advanced to experience level 4. On T:1049 you advanced to experience level 5. On T:1326 you advanced to experience level 6. On T:1492 you reached level 2 of The Gnomish Mines. Latest messages: It bites! [HP-5=19] You write "Elbereth" with your fingers into the dust. It bites! [HP-4=15] You write "Elbereth" with your fingers into the dust. It bites! (2x) [HP-8=7] You write "Elbereth" with your fingers into the dust. [HP+1=8] You write "Elbereth" with your fingers into the dust. (2x) You attack thin air. You write "Elbereth" with your fingers into the dust. You attack thin air. (2x) [HP+1=9] You write "Elbereth" with your fingers into the dust. (5x) It bites! (2x) [HP-4=5] You write "Elbereth" with your fingers into the dust. It just misses! It bites! You die... Final status: Aloha Arrhythmia the Tourist... You died in The Gnomish Mines on dungeon level 3 with 1637 points, and 602 pieces of gold, after 1655 moves. You were level 6 with a maximum of 44 hit points when you died.